 Dungeon Crawl Stone Soup version 0.28.0 (webtiles) character file.

Game seed: 8201278205004999181

44 crazypyro the Digger (level 3, -6/19 HPs)
             Began as a Gargoyle Earth Elementalist on Feb 7, 2022.
             Killed by divine providence
             ... invoked by an orc priest
              (13 damage)
             ... on level 2 of the Dungeon.
             The game lasted 00:02:10 (1885 turns).

crazypyro the Digger (Gargoyle Earth Elementalist)  Turns: 1885, Time: 00:02:11

Health: -6/19      AC:  6    Str: 11    XL:     3   Next: 60%
Magic:  2/6        EV: 12    Int: 17    God:
Gold:   95         SH:  0    Dex: 10    Spells: 2/6 levels left

rFire   . . .      SeeInvis .   e - +0 whip
rCold   . . .      Faith    .   (no shield)
rNeg    + . .      Spirit   .   b - +0 robe
rPois   ∞          Reflect  .   n - +0 helmet
rElec   +          Harm     .   (no cloak)
rCorr   .          Rampage  .   (no gloves)
Will    .....                   (no boots)
Stlth   ++........              (no amulet)
HPRegen 0.06/turn               (no ring)
MPRegen 0.10/turn               (no ring)

@: no status effects
A: sickness immunity, AC +3, negative energy resistance 1, electricity
resistance, torment resistance 1, petrification resistance
a: no special abilities


You were on level 2 of the Dungeon.
You visited 1 branch of the dungeon, and saw 3 of its levels.

You collected 95 gold pieces.

Inventory:

Hand Weapons
 e - a +0 whip (weapon)
Missiles
 c - 41 stones
 g - a throwing net
Armour
 b - a +0 robe (worn)
 h - a +0 leather armour
 n - a +0 helmet (worn)
Jewellery
 f - a ring of positive energy
Scrolls
 a - a scroll of silence {unknown}
 d - a scroll of magic mapping {unknown}
 i - a scroll of fog {unknown}
 j - a scroll of teleportation {unknown}
 k - a scroll of amnesia {unknown}
 m - a scroll of fear {unknown}
Potions
 l - 2 potions of mutation {unknown}
 o - a potion of heal wounds {unknown}


   Skills:
 + Level 2.0 Dodging
 - Level 2.6 Stealth
 + Level 2.4 Spellcasting
 + Level 0.6 Conjurations
 - Level 1.1 Transmutations
 + Level 4.1 Earth Magic


You had 2 spell levels left.
You knew the following spells:

 Your Spells              Type           Power      Damage    Failure   Level
a - Sandblast             Erth           30%        2d9       3%          1
b - Stone Arrow           Conj/Erth      20%        3d8       22%         3

Your spell library contained the following spells:

 Spells                   Type           Power      Damage    Failure   Level
 Passwall                 Tmut/Erth      9%         N/A       10%         2
 Petrify                  Tmut/Erth      11%        N/A       54%         4


Dungeon Overview and Level Annotations

Branches:
Dungeon (3/15)

Altars:


Innate Abilities, Weirdness & Mutations

You are immune to sickness and miasma.
Your stone body is resilient. (AC +3)
You are immune to poison.
You resist negative energy. (rN+)
You are resistant to electric shocks. (rElec)
You are resistant to unholy torment.
You are immune to petrification.


Message History

Found a stone staircase leading down.
There is a stone staircase leading up here.
There are monsters nearby!
There are monsters nearby!
The blast of sand hits the orc priest but does no damage.
The orc priest mumbles some strange prayers to Beogh against you.
Pain shoots through your body!
The blast of sand hits the orc priest but does no damage.
The blast of sand hits the orc priest but does no damage.
The orc closely misses you.
You can't go down here!
The orc barely misses you.
You climb upwards.
There is a stone staircase leading down here.
You closely miss the orc priest.
The orc priest hits you with a +0 short sword of protection.
The orc priest closely misses you.
You hit the orc priest but do no damage.
The orc priest hits you but does no damage.
You hit the orc priest but do no damage.
The orc priest hits you but does no damage.
You are too injured to fight recklessly!
Casting: Sandblast (safe; 3% risk of failure)
Confirm with . or Enter, or press ? or * to list all spells.
Aiming: Sandblast (safe; 3% risk of failure)
Press: ? - help, Shift-Dir - straight line, f - orc priest
Aim: an orc priest, wielding a +0 short sword of protection and wearing a +0 ring mail (82% to hit)
The blast of sand hits the orc priest but does no damage.
The orc priest invokes the aid of Beogh against you.
Pain shoots through your body!
Casting: Sandblast (safe; 3% risk of failure)
Confirm with . or Enter, or press ? or * to list all spells.
Aiming: Sandblast (safe; 3% risk of failure)
Press: ? - help, Shift-Dir - straight line, f/p - orc priest
Aim: an orc priest, wielding a +0 short sword of protection and wearing a +0 ring mail (82% to hit)
The blast of sand hits the orc priest but does no damage.
The orc priest invokes the aid of Beogh against you.
Beogh smites you!
Ouch! That really hurt!
You die...

####.#.##############.#
#....#.# #.#
#.####'######## #.# #.#
#.........# #.# ###.#
#.).......# #.# #...#
#.........# #.###### #.###
#)........# #......# #.#
#.........############.###
#.#
##'######@..............).
#.######.#
#o..........##.###
#........#
#...........##.#
##########
#..............###
##.................
####..................
#..............>######
###....♣♣♣♣♣♣..........#
#.....♣♣.♣♣÷♣..#######.#


You could see an orc priest.

Vanquished Creatures
  An adder (D:2)
  3 dart slugs
  4 ball pythons
  3 endoplasms (D:2)
  6 hobgoblins
  3 jackals (D:2)
  A frilled lizard (D:2)
  A goblin (D:1)
  3 kobolds (D:2)
  2 rats
27 creatures vanquished.

Notes
Turn   | Place    | Note
-------+----------+-------------------------------------------
     0 | D:1      | crazypyro the Gargoyle Earth Elementalist began the quest
                  | for the Orb.
     0 | D:1      | Reached XP level 1. HP: 10/10 MP: 3/3
   732 | D:1      | Reached skill level 1 in Transmutations
   732 | D:1      | Reached XP level 2. HP: 15/15 MP: 3/5
  1352 | D:2      | Reached XP level 3. HP: 19/19 MP: 3/6
  1356 | D:2      | Learned a level 3 spell: Stone Arrow
  1422 | D:2      | Reached skill level 4 in Earth Magic
  1502 | D:2      | Found a faded altar of an unknown god.
  1885 | D:2      | Killed from afar by an orc priest

Illustrated notes

Levels and vault maps discovered:
D:1:      dpeg_arrival_circle_labyrinth_c, layout_basic
D:2:      layout_basic, dilly_ecumenical_altar_fadedgnrine
D:3:      layout_basic, lemuel_doored_altar, gammafunk_temple_overflow_pools

Skill      XL: |  1  2  3 |
---------------+----------+-----
Transmutations | 1 |  1.1
Dodging        | 2 |  2.0
Earth Magic    | 4 |  4.1
Stealth        | |  2.6
Spellcasting   | |  2.4
Conjurations   | |  0.6

Action                   || total
-------------------------++-------
Melee: Whip              ||     9
 Cast: Sandblast         ||    44
Armor: Robe              ||     5
Dodge: Dodged            ||     9
